 Dungeon Crawl Stone Soup version 0.26-a0-667-g92642533e4 (webtiles) character file.

Game seed: 15749787826085544942

27 Lavandula the Poker (level 3, -1/27 HPs)
             Began as a Human Warper on Oct 16, 2020.
             Slain by a gnoll
             ... wielding a +0 halberd
              (7 damage)
             ... on level 2 of the Dungeon.
             The game lasted 00:01:22 (1379 turns).

Lavandula the Poker (Human Warper)                  Turns: 1379, Time: 00:01:22

Health: -1/27      AC:  3    Str: 12    XL:     3   Next: 25%
Magic:  6/6        EV: 12    Int: 13    God:
Gold:   35         SH:  0    Dex: 12    Spells: 4/6 levels left

rFire    . . .     SeeInvis .   a - +0 spear
rCold    . . .     Faith    .   (no shield)
rNeg     . . .     Spirit   .   b - +0 leather armour
rPois    .         Reflect  .   (no helmet)
rElec    .         Harm     .   (no cloak)
rCorr    .         Rampage  .   (no gloves)
MR       .....                  (no boots)
Stlth    +.........             (no amulet)
HPRegen  0.09/turn              (no ring)
MPRegen  0.10/turn              (no ring)

@: no status effects
A: no striking features
a: no special abilities


You were on level 2 of the Dungeon.
You visited 1 branch of the dungeon, and saw 2 of its levels.

You collected 35 gold pieces.

Inventory:

Hand Weapons
 a - a +0 spear (weapon)
Missiles
 e - 5 boomerangs of dispersal (quivered)
Armour
 b - a +0 leather armour (worn)
Jewellery
 h - an uncursed ring of wizardry {unknown}
Scrolls
 c - 7 scrolls of identify {unknown}
 d - 2 scrolls of blinking
 f - a scroll of immolation {unknown}
Potions
 g - a potion of resistance {unknown}


   Skills:
 - Level 2.0 Fighting
 + Level 3.5 Polearms
 - Level 1.0 Throwing
 - Level 1.0 Armour
 - Level 2.0 Dodging
 - Level 2.0 Spellcasting
 - Level 3.0 Translocations


You had 4 spell levels left.
You knew the following spells:

 Your Spells              Type           Power        Failure   Level
a - Blink                 Tloc           N/A          14%         2

Your spell library contained the following spells:

 Spells                   Type           Power        Failure   Level
 Gell's Gravitas          Tloc           #.........   28%         3
 Lesser Beckoning         Tloc           #.........   28%         3
 Teleport Other           Tloc           #.......     28%         3
 Passage of Golubria      Tloc           N/A          67%         4


Dungeon Overview and Level Annotations

Branches:
Dungeon (2/15)

Altars:


Message History

No target in view!
You start resting.
A giant cockroach comes into view.
A giant cockroach is nearby!
A gnoll comes into view. It is wielding a +0 halberd.
The gnoll shouts!
You hear a shout!
A gnoll comes into view.
The gnoll moves out of view.
The gnoll shouts!
You hit the giant cockroach but do no damage.
The giant cockroach bites you.
You barely miss the giant cockroach. The giant cockroach barely misses you.
You barely miss the giant cockroach. The giant cockroach closely misses you.
The giant cockroach waves its antennae.
The gnoll hits you but does no damage.
The gnoll hits you from afar with a +0 halberd!
Ouch! That really hurt!
* * * LOW HITPOINT WARNING * * *
The gnoll hits you from afar with a +0 halberd!
You die...

#)###### #.# #.# #>..#
#.# ### #.# #... #.#
##.## #.# #... #####
##.###...# ..#######
#... ...###...#.<...
##......#
#.#####.##.###.#...#
#.####.######g.........#
#....## #.#
....<...g..##....#
#.#### #.#
#.B@!.....#....# #.#
####).#.....##.# #.#
#.......#...##.# #..
#.##..###.#.##.# ### ..
...#. .......# ...
....##.###.### .. ....#
## .# # .....# # ......#


You could see 2 gnolls and a giant cockroach.

Vanquished Creatures
  A dart slug (D:1)
  A leopard gecko (D:1)
  3 goblins (D:1)
  4 hobgoblins
  4 kobolds
  6 bats
  3 frilled lizards
  2 rats (D:1)
24 creatures vanquished.

Notes
Turn   | Place    | Note
-------+----------+-------------------------------------------
     0 | D:1      | Lavandula the Human Warper began the quest for the Orb.
     0 | D:1      | Reached XP level 1. HP: 16/16 MP: 3/3
   350 | D:1      | Reached XP level 2. HP: 15/22 MP: 5/5
   528 | D:1      | Learned a level 2 spell: Blink
   832 | D:1      | Reached XP level 3. HP: 10/27 MP: 6/6
  1379 | D:2      | Slain by a gnoll

Illustrated notes

Levels and vault maps discovered:
D:1:      scummos_arrival_simple_fountains, layout_loops_cross, minmay_cupped
D:2:      layout_loops_cross, lemuel_crystal_altar, doesnt_xom_only_xom,
          chequers_ecumenical_altar_simple

Skill      XL: |  1  2 |
---------------+-------+-----
Polearms       | 3 |  3.5
Fighting       | |  2.0
Throwing       | |  1.0
Armour         | |  1.0
Dodging        | |  2.0
Spellcasting   | |  2.0
Translocations | |  3.0

Action                   || total
-------------------------++-------
Melee: Spear             ||   107
Armor: Leather armour    ||    26
Dodge: Dodged            ||    49

Table legend: (Time is in decaauts)
 A = Elapsed time spent in this place.
 B = Non-inter-level travel time spent in this place.
 C = Inter-level travel time spent in this place.
 D = Time resting spent in this place.
 E = Time spent auto-exploring this place.
 F = Levels seen in this place.
 G = Mean time per level.
                   A        B        C        D        E       F      G
               +--------+--------+--------+--------+--------+-----+--------+
         Total |   1375 |   1347 |     28 |    337 |    827 |   2 |  687.5 |
       Dungeon |   1375 |   1347 |     28 |    337 |    827 |   2 |  687.5 |
               +--------+--------+--------+--------+--------+-----+--------+

Top non-repeatable levels by time:
     D:1: 1233 daAuts
     D:2: 142 daAuts
